 Dungeon Crawl Stone Soup version 0.29.1-2-gbd0b4ee654 (webtiles) character file.

Game seed: 9081974309834104594

294686 Earthwalker the Severer (level 20, 0/189 HPs)
             Began as a Minotaur Fighter on Oct 22, 2022.
             Was the Champion of Okawaru.
             Splashed by an acid blob's acid (3 damage)
             ... on level 1 of the Pits of Slime on Oct 23, 2022.
             The game lasted 03:33:28 (43254 turns).

Earthwalker the Severer (Minotaur Fighter)         Turns: 43254, Time: 03:33:29

Health: 0/189      AC: 21    Str: 34    XL:     20   Next: 4%
Magic:  26/26      EV: 19    Int:  5    God:    Okawaru [******]
Gold:   4504       SH:  0    Dex: 18    Spells: 19/19 levels left

rFire   + + +      SeeInvis +   L - +10 war axe of Bile {pain, Fly rF++ rC+ Str-3}
rCold   + . .      Faith    .   W - +1 kite shield "Seymmik" {Regen+}
rNeg    . . .      Spirit   .   Y - +8 plate armour of the Armoured One {rElec Slay+2}
rPois   +          Reflect  .   K - +2 hat of Magic {rElec Str+3}
rElec   +          Harm     .   I - +1 cloak "Nuocwuadd" {rF+ Str+2 Dex+3}
rCorr   .          Rampage  .   a - +2 pair of gloves of Vanity {Will+ Str+4 Dex+3 SInv}
Will    ++...                   N - +0 pair of boots of the Bulwark {+Blink}
Stlth   ..........              Q - amulet of regeneration
HPRegen 2.01/turn               F - ring of poison resistance
MPRegen 0.20/turn               S - +4 ring of evasion

@: confused, corroded, flying, studying 2 skills
A: horns 2, retaliatory headbutt
}: 2/15 runes: decaying, gossamer
a: Renounce Religion, Evoke Blink, Heroism, Finesse, Duel


You were on level 1 of the Pits of Slime.
You worshipped Okawaru.
Okawaru was exalted by your worship.
You visited 8 branches of the dungeon, and saw 35 of its levels.
You visited the Abyss 1 time.
You also visited: Sewer and Ice Cave.

You collected 4750 gold pieces.
You spent 246 gold pieces at shops.

Inventory:

Hand Weapons
 L - the +10 war axe of Bile (weapon) {pain, Fly rF++ rC+ Str-3}
   (You found it on level 1 of the Elven Halls)

   In the hands of one skilled in necromantic magic, it inflicts extra damage on
   living creatures.
   Str:       It affects your strength (-3).
   rF:        It greatly protects you from fire.
   rC:        It protects you from cold.
   Fly:       It grants you flight.
 Z - a +8 broad axe of flaming
Missiles
 y - 17 javelins (quivered)
 D - 18 boomerangs
 U - 6 silver javelins
Armour
 a - the +2 pair of gloves of Vanity (worn) {Will+ Str+4 Dex+3 SInv}
   (Okawaru gifted it to you on level 1 of the Elven Halls)

   Str:       It affects your strength (+4).
   Dex:       It affects your dexterity (+3).
   SInv:      It lets you see invisible.
   Will:      It increases your willpower.
 G - a +1 cloak of preservation
 I - the +1 cloak "Nuocwuadd" (worn) {rF+ Str+2 Dex+3}
   (You found it on level 7 of the Dungeon)

   Str:       It affects your strength (+2).
   Dex:       It affects your dexterity (+3).
   rF:        It protects you from fire.
 K - the +2 hat of Magic (worn) {rElec Str+3}
   (Okawaru gifted it to you on level 5 of the Lair of Beasts)

   Str:       It affects your strength (+3).
   rElec:     It insulates you from electricity.
 N - the +0 pair of boots of the Bulwark (worn) {+Blink}
   (You found it on level 3 of the Elven Halls)

   +Blink:    It lets you blink.
 W - the +1 kite shield "Seymmik" (worn) {Regen+}
   (Okawaru gifted it to you on level 2 of the Elven Halls)

   Regen:     It increases your rate of health regeneration.
 Y - the +8 plate armour of the Armoured One (worn) {rElec Slay+2}
   (Okawaru gifted it to you in an ice cave)

   Slay:      It affects your accuracy & damage with ranged weapons and melee
   (+2).
   rElec:     It insulates you from electricity.
Jewellery
 F - a ring of poison resistance (left hand)
 Q - an amulet of regeneration (around neck)
 S - a +4 ring of evasion (right hand)
Wands
 b - a wand of mindburst (4)
 c - a wand of polymorph (6)
 u - a wand of flame (98)
 x - a wand of paralysis (16)
Scrolls
 g - 19 scrolls of teleportation
 h - 10 scrolls of amnesia
 i - 5 scrolls of torment
 j - 7 scrolls of noise
 o - 2 scrolls of brand weapon
 q - 3 scrolls of vulnerability
 r - 6 scrolls of blinking
 w - 6 scrolls of fog
 z - 7 scrolls of magic mapping
 A - 7 scrolls of enchant armour
 B - 5 scrolls of immolation
 E - 8 scrolls of fear
 O - 6 scrolls of poison
 R - 3 scrolls of silence
Potions
 d - 9 potions of might
 e - 16 potions of brilliance
 f - 2 potions of berserk rage
 k - 2 potions of invisibility
 l - 12 potions of heal wounds
 m - 4 potions of attraction
 n - 7 potions of haste
 p - 8 potions of mutation
 s - 5 potions of ambrosia
 t - 7 potions of lignification
 v - 18 potions of curing
 H - 4 potions of cancellation
 J - 8 potions of magic
 M - 4 potions of degeneration
 P - 4 potions of flight
 T - 4 potions of resistance
Miscellaneous
 C - a lightning rod (4/4)
 V - a piece from Xom's chessboard (15/15)


   Skills:
 * Level 18.7 Fighting
 * Level 20.0 Axes
 - Level 10.5 Throwing
 * Level 19.0 Armour
 * Level 12.5 Dodging
 * Level 18.9 Shields
 - Level 10.6 Invocations
 + Level 6.8 Evocations


You had 19 spell levels left.
You didn't know any spells.
Your spell library contained the following spells:

 Spells                   Type           Power      Damage    Failure   Level
 Apportation              Tloc           0%         N/A       96%         1
 Beastly Appendage        Tmut           0%         N/A       96%         1
 Foxfire                  Conj/Fire      0%         2x1d4     96%         1
 Magic Dart               Conj           0%         1d3       96%         1
 Shock                    Conj/Air       0%         1d3       96%         1
 Sublimation of Blood     Necr           0%         N/A       99%         2
 Wereblood                Tmut           0%         N/A       99%         2
 Conjure Flame            Conj/Fire      0%         6-21      100%        3
 Gell's Gravitas          Tloc           0%         N/A       100%        3
 Ignite Poison            Fire/Tmut/Pois 0%         N/A       100%        3
 Inner Flame              Hex/Fire       0%         N/A       100%        3
 Lesser Beckoning         Tloc           0%         N/A       100%        3
 Mephitic Cloud           Conj/Pois/Air  0%         N/A       100%        3
 Spider Form              Tmut/Pois      0%         N/A       100%        3
 Swiftness                Air            0%         N/A       100%        3
 Teleport Other           Tloc           0%         N/A       100%        3
 Airstrike                Air            0%         2d(0-16)  100%        4
 Flame Wave               Conj/Fire      0%         2d4       100%        4
 Ice Form                 Ice/Tmut       0%         N/A       100%        4
 Alistair's Intoxication  Tmut/Pois      0%         N/A       100%        5
 Borgnjor's Vile Clutch   Necr/Erth      0%         N/A       100%        5
 Freezing Cloud           Conj/Ice/Air   0%         6-21      100%        5
 Statue Form              Tmut/Erth      0%         N/A       100%        6
 Polar Vortex             Ice            0%         N/A       100%        9
 Summon Small Mammal      Summ           Unusable   N/A       N/A         1
 Call Imp                 Summ           Unusable   N/A       N/A         2
 Call Canine Familiar     Summ           Unusable   N/A       N/A         3
 Summon Guardian Golem    Hex/Summ       Unusable   N/A       N/A         3
 Animate Dead             Necr           Unusable   N/A       N/A         4
 Summon Forest            Summ/Tloc      Unusable   N/A       N/A         5
 Summon Mana Viper        Hex/Summ       Unusable   N/A       N/A         5
 Death Channel            Necr           Unusable   N/A       N/A         6
 Simulacrum               Ice/Necr       Unusable   N/A       N/A         6
 Summon Cactus Giant      Summ           Unusable   N/A       N/A         6
 Summon Hydra             Summ           Unusable   N/A       N/A         7

Dungeon Overview and Level Annotations

Branches:
Dungeon (15/15)            Temple (1/1) D:6            Lair (5/5) D:9
  Swamp (4/4) Lair:2       Spider (4/4) Lair:3        Slime (1/5) Lair:4
    Orc (2/2) D:12            Elf (3/3) Orc:2        Vaults (0/5) D:14
 Depths (0/4) D:15          Sewer (visited)           IceCv (visited)

Altars:
Ashenzari
Dithmenos
Elyvilon
Fedhas
Hepliaklqana
Kikubaaqudgha
Okawaru
Ru
Sif Muna
Trog
Uskayaw
Vehumet
Xom
Yredelemnul
The Shining One
Jiyva
Lugonu

Shops:
D:1 (   D:5 *   D:7 ?   D:8 *   D:11 *   D:12 *   Orc:2 ([*=

Portals:
Abyss: Lair:5

Annotations:
D:13 1 runed translucent door, duchin's ghost, journeyman MiFi
Swamp:3 1 runed translucent door, esper6's ghost, journeyman GnNe
Spider:2 3 runed translucent doors, Zosacw's ghost, adept HaHu


Innate Abilities, Weirdness & Mutations

You have a pair of horns on your head.
You reflexively headbutt those who attack you in melee.


Message History

You resist with almost no effort.
The large slime creature attacks as you move away!
The large slime creature misses you. The acid blob hits you!
The acid corrodes you!
You are splashed with acid.
The acid blob spits acid at you. The splash of acid hits you!
The acid corrodes you! The acid blob attacks as you move away!
The acid blob hits you!
You are splashed with acid!
The golden eye blinks!
The acid blob hits you!!
* * * LOW HITPOINT WARNING * * *
The acid corrodes you!
You are splashed with acid!
* * * LOW HITPOINT WARNING * * *
The large slime creature barely misses you.
The acid blob hits you!
* * * LOW HITPOINT WARNING * * *
You are splashed with acid!
* * * LOW HITPOINT WARNING * * *
The large slime creature closely misses you.
The golden eye blinks!
You are too confused!
You completely miss the golden eye. Your headbutt misses the golden eye.
The golden eye is heavily wounded.
You slash the large slime creature! You slash the acid blob!
Your hands burn!
* * * LOW HITPOINT WARNING * * *
The golden eye blinks at you. You resist with almost no effort.
The acid blob spits acid at you. The splash of acid hits you.
* * * LOW HITPOINT WARNING * * *
The acid corrodes you! The golden eye blinks at you.
You resist with some effort.
A large slime creature splits.
You barely miss the golden eye.
You headbutt the golden eye, but do no damage.
The golden eye is heavily wounded.
You slash the slime creature! You slice the slime creature!!
You kill the slime creature!
Okawaru accepts your kill.
You slice the acid blob!!
Your hands burn!
You die...

......#.....#....##...
.........#.........##...
.........#......#........
#.#......##.#............
##.......................#
#........>...#..........##
......#......#..........##
......#..G...............#
........J@................
..##..G.J.......#........
##.....##...##........
#.....####.##.....##.#
##...... ###.......###
##...... ##.......#
#....#.## #......##
##.##### ##.##.## ### ##
##


You could see an acid blob, a slime creature and 2 golden eyes.

Vanquished Creatures
  Jorgrun (D:15)
  A lich (IceCv)
  3 deep elf blademasters
  2 deep elf master archers (Elf:3)
  Frances (Spider:1)
  Gastronok (D:9)
  An acid blob (Lair:4)
  Kirke (Spider:3)
  Donald (Elf:1)
  A fenstrider witch (Swamp:3)
  5 deep elf sorcerers (Elf:3)
  An azure jelly (Slime:1)
  An orc warlord (Orc:2)
  7 emperor scorpions
  Louise (Swamp:2)
  A ghost moth (Spider:4)
  A ghoul (Swamp:1)
  2 deep elf elementalists (Elf:3)
  A very ugly thing (IceCv)
  2 eleionomae
  4 deep elf demonologists (Elf:3)
  4 entropy weavers
  7 deep elf annihilators
  3 bunyips
  2 spark wasps (Spider:4)
  3 deep elf death magi (Elf:3)
  Snorg (Lair:3)
  The ghost of Ixoagrun the Bludgeoner, a journeyman MiFi of Okawaru (Lair:3)
  A shambling mangrove (Swamp:4)
  Josephine (Lair:5)
  4 deep elf high priests
  A great orb of eyes (Slime:1)
  A rakshasa (D:15)
  9 boulder beetles
  2 ogre magi
  3 radroaches (Spider:2)
  23 hydras
  2 ghost crabs
  A jorogumo (Spider:2)
  13 alligators
  2 centaur warriors
  A catoblepas (Lair:4)
  30 dancing weapons
  A death knight (D:14)
  7 two-headed ogres
  6 tengu warriors
  3 thrashing horrors (Lair:5)
  Urug (Lair:1)
  4 orc high priests (Orc:2)
  A wretched star (Abyss:2)
  19 deep elf knights
  Sonja (Lair:2)
  Amaemon (Lair:2)
  A sun moth (Spider:3)
  8 goliath frogs
  8 swamp dragons
  5 orb spiders
  6 pharaoh ants
  7 spriggan druids
  15 bog bodies
  An orb spider (shapeshifter) (D:13)
  4 deep elf archers
  An obsidian statue (IceCv)
  11 steelbarb worms
  A wizard (D:15)
  A steelbarb worm (shapeshifter) (D:13)
  A wolf spider zombie (D:15)
  27 deep elf pyromancers
  28 deep elf zephyrmancers
  2 necromancers
  19 wolf spiders
  A phantasmal warrior (D:14)
  6 ugly things
  2 manticores
  4 orc knights
  5 orc sorcerers
  4 cyclopes
  2 moths of wrath (Spider:4)
  An elephant (D:9)
  An ice statue (Elf:2)
  A naga mage (D:15)
  2 black mambas
  3 smoke demons
  A cane toad (shapeshifter) (D:14)
  8 cane toads
  A centaur skeleton (D:15)
  5 torpor snails
  3 large abominations
  An orange demon (Lair:2)
  2 gargoyles (D:12)
  Maggie (D:6)
  12 demonic crawlers
  8 komodo dragons
  3 ancient zymes (Lair:5)
  4 anaconda simulacra (IceCv)
  19 freezing wraiths
  A golden dragon simulacrum (IceCv)
  An ice devil (IceCv)
  A tengu conjurer (D:13)
  A queen bee (shapeshifter) (Lair:5)
  5 trolls
  A troll (shapeshifter) (Lair:5)
  3 meliai (D:15)
  10 tyrant leeches
  2 polar bears
  3 hornets
  A bloated husk (Swamp:1)
  A polar bear (shapeshifter) (Lair:5)
  Prince Ribbit (Lair:1)
  12 slime creatures
  17 blink frogs
  30 tarantellas
  5 dream sheep (Lair:5)
  37 culicivoras
  A flying skull (Abyss:2)
  A shadow (D:10)
  3 centaur simulacra (D:15)
  23 jumping spiders
  5 starcursed masses (Abyss:2)
  6 wraiths
  4 spriggans
  6 wyverns
  3 dire elephant simulacra (IceCv)
  2 ynoxinuls
  An air elemental (Elf:2)
  A vampire (D:11)
  7 water elementals
  35 yaks
  2 steam dragons
  Grum (Lair:1)
  10 basilisks
  5 hogs
  2 golden eyes (Slime:1)
  57 redbacks
  A fire elemental (Elf:1)
  4 minotaur simulacra (IceCv)
  A chaos spawn (Abyss:2)
  11 vampire mosquitoes
  A neqoxec (Abyss:2)
  11 swamp worms
  4 harpy simulacra
  A water moccasin (shapeshifter) (Elf:1)
  A hydra simulacrum (IceCv)
  4 water moccasins
  A hornet zombie (D:7)
  3 sky beasts
  11 swamp drakes
  2 black bears
  4 alligator simulacra (IceCv)
  3 ettin simulacra (IceCv)
  30 orc warriors
  10 ogres
  27 wolves
  2 centaurs
  A phantom (D:5)
  2 kobold brigands
  14 bullfrogs
  9 necrophages
  4 scorpions
  Blork the orc (D:5)
  A deep troll simulacrum (IceCv)
  2 wyvern zombies (D:7)
  2 earth elementals
  2 hornet simulacra (D:15)
  8 small abominations (Lair:5)
  26 wights
  3 killer bees (D:5)
  3 lindwurm simulacra (IceCv)
  5 howler monkeys
  4 electric eels
  A bullfrog zombie (D:7)
  4 hounds
  A jelly (D:5)
  2 gnoll boudas
  A human zombie (D:7)
  19 orc priests
  5 iguanas
  A hell rat (Sewer)
  23 orc wizards
  A killer bee zombie (D:7)
  2 mummies (D:7)
  Robin (D:3)
  12 gnolls
  7 adders
  2 river rats (Sewer)
  2 white imps
  An ufetubus (D:5)
  8 worms
  5 dart slugs
  76 orcs
  11 bats
  6 endoplasms
  A giant cockroach (D:3)
  18 goblins
  11 hobgoblins
  3 jackals (D:3)
  4 quokkas
  4 ball pythons
  2 frilled lizards
  16 kobolds
  16 rats
1236 creatures vanquished.

Vanquished Creatures (others)
  An orb spider (Spider:3)
  5 bloated husks
  A tarantella (Spider:3)
  A tyrant leech (Swamp:2)
  A wolf (Lair:4)
  An orc (D:15)
  21 fungi
  48 plants
79 creatures vanquished.

Grand Total: 1315 creatures vanquished

Notes
Turn   | Place    | Note
-------+----------+-------------------------------------------
     0 | D:1      | Earthwalker the Minotaur Fighter began the quest for the
                  | Orb.
     0 | D:1      | Reached XP level 1. HP: 19/19 MP: 0/0
    57 | D:1      | Reached XP level 2. HP: 15/27 MP: 1/1
   516 | D:1      | Found a faded altar of an unknown god.
   622 | D:1      | Found Kenadec's Weapon Shoppe.
   692 | D:2      | Found a hazy altar of Hepliaklqana.
   781 | D:2      | Reached skill level 3 in Axes
   781 | D:2      | Reached skill level 1 in Dodging
   781 | D:2      | Reached XP level 3. HP: 28/33 MP: 2/2
  2050 | D:3      | Noticed Robin
  2061 | D:3      | Killed Robin
  2101 | D:3      | Reached XP level 4. HP: 38/40 MP: 3/3
  2112 | D:3      | Got the Vademecum on Gelid Transfiguration
  2334 | D:3      | Found a glowing drain.
  2384 | Sewer    | Entered a sewer
  2495 | Sewer    | Reached XP level 5. HP: 47/47 MP: 4/4
  3569 | D:4      | Reached skill level 4 in Axes
  3681 | D:4      | Reached skill level 5 in Fighting
  3815 | D:4      | Reached XP level 6. HP: 56/56 MP: 5/5
  3818 | D:4      | Reached skill level 5 in Armour
  3818 | D:4      | Reached skill level 5 in Shields
  3938 | D:4      | Noticed a wyvern
  3958 | D:4      | Killed a wyvern
  3959 | D:4      | Reached skill level 5 in Axes
  3959 | D:4      | Reached XP level 7. HP: 26/62 MP: 6/6
  4540 | D:5      | Entered Level 5 of the Dungeon
  4996 | D:6      | Reached XP level 8. HP: 30/71 MP: 7/7
  5290 | D:6      | Found a staircase to the Ecumenical Temple.
  5307 | Temple   | Entered the Ecumenical Temple
  5363 | Temple   | Became a worshipper of Warmaster Okawaru
  5428 | D:5      | Identified the +5 long sword "Noggyock" {drain, rPois rF+
                  | rCorr SInv}
  5445 | D:5      | Reached skill level 6 in Axes
  5852 | D:5      | Reached * piety under Okawaru
  5995 | D:5      | Found Punuymp's General Store.
  6118 | D:5      | Noticed Blork the orc
  6124 | D:5      | Killed Blork the orc
  6708 | D:6      | Found a radiant altar of Vehumet.
  6723 | D:6      | Reached skill level 7 in Axes
  6749 | D:6      | Reached XP level 9. HP: 58/79 MP: 8/8
  6931 | D:5      | Reached ** piety under Okawaru
  7510 | D:6      | Noticed Maggie
  7527 | D:6      | Killed Maggie
  8252 | D:7      | Reached skill level 8 in Axes
  8578 | D:7      | Reached *** piety under Okawaru
  8952 | D:7      | Found Mimeinlo's Magic Scroll Shop.
  8960 | D:7      | Bought a scroll of blinking for 90 gold pieces
  8960 | D:7      | Bought a scroll of enchant weapon for 90 gold pieces
  8960 | D:7      | Bought a scroll of teleportation for 36 gold pieces
  9180 | D:7      | Identified the +1 cloak "Nuocwuadd" {rF+ Str+2 Dex+3}
  9336 | D:7      | Reached skill level 5 in Dodging
  9431 | D:7      | Found a basalt altar of Yredelemnul.
  9492 | D:7      | Reached XP level 10. HP: 91/91 MP: 9/9
 10364 | D:8      | Reached **** piety under Okawaru
 10369 | D:8      | Reached skill level 9 in Axes
 10398 | D:8      | Found Pawiobam's Assorted Antiques.
 11492 | D:9      | Noticed Gastronok
 11511 | D:9      | Killed Gastronok
 11512 | D:9      | Reached skill level 10 in Fighting
 11512 | D:9      | Reached skill level 10 in Shields
 11811 | D:9      | Reached skill level 10 in Armour
 11833 | D:9      | Noticed an elephant
 11856 | D:9      | Killed an elephant
 11962 | D:9      | Found a staircase to the Lair.
 12208 | D:10     | Entered Level 10 of the Dungeon
 12306 | D:10     | Reached ***** piety under Okawaru
 12307 | D:10     | Reached XP level 11. HP: 59/101 MP: 10/10
 12485 | D:10     | Reached skill level 10 in Axes
 12624 | D:10     | Noticed a two-headed ogre
 12645 | D:10     | Killed a two-headed ogre
 13191 | D:11     | Received a gift from Okawaru
 13378 | D:11     | Noticed a two-headed ogre
 13385 | D:11     | Killed a two-headed ogre
 13531 | D:11     | Found Kynuxzue's Gadget Gallery.
 14316 | D:12     | Found Rimak's General Store.
 14331 | D:12     | Bought a scroll of identify for 30 gold pieces
 14346 | D:12     | Found a staircase to the Orcish Mines.
 14386 | D:12     | Identified the +0 crystal plate armour of Opokh {Slay+2}
                  | (Okawaru gifted it to you on level 12 of the Dungeon)
 14386 | D:12     | Received a gift from Okawaru
 14387 | D:12     | Reached skill level 11 in Axes
 14505 | D:12     | Noticed a tengu warrior
 14506 | D:12     | Noticed a tengu warrior
 14538 | D:11     | Killed a tengu warrior
 14558 | D:12     | Noticed a two-headed ogre
 14558 | D:12     | Noticed a boulder beetle
 14571 | D:11     | Killed a tengu warrior
 14603 | D:11     | Killed a boulder beetle
 14622 | D:12     | Killed a two-headed ogre
 14623 | D:12     | Reached XP level 12. HP: 60/111 MP: 11/11
 15172 | Orc:1    | Entered Level 1 of the Orcish Mines
 15853 | Orc:2    | Entered Level 2 of the Orcish Mines
 15886 | Orc:2    | Found a staircase to the Elven Halls.
 16525 | Orc:2    | Received a gift from Okawaru
 16558 | Orc:2    | Noticed an orc warlord
 16705 | Orc:2    | Reached skill level 12 in Axes
 16753 | Orc:2    | Noticed an orc high priest
 17014 | Orc:2    | Killed an orc high priest
 17014 | Orc:2    | Received a gift from Okawaru
 17222 | Orc:2    | Paralysed by an orc sorcerer for 5 turns
 17223 | Orc:2    | Noticed an orc high priest
 17432 | Orc:2    | Killed an orc high priest
 17432 | Orc:2    | Paralysed by an orc sorcerer for 2 turns
 17900 | Orc:2    | Killed an orc warlord
 17985 | Orc:2    | Noticed an orc high priest
 18208 | Orc:2    | Killed an orc high priest
 18261 | Orc:2    | Noticed an orc high priest
 18268 | Orc:2    | Killed an orc high priest
 18295 | Orc:2    | Found Gaom's General Store.
 18296 | Orc:2    | Found Iwnipn's Jewellery Shoppe.
 18301 | Orc:2    | Found Uneuphub's Antique Armour Emporium.
 18301 | Orc:2    | Found Ceunykinec's Antique Weapon Emporium.
 18718 | Elf:1    | Entered Level 1 of the Elven Halls
 18794 | Elf:1    | Reached XP level 13. HP: 99/122 MP: 12/12
 18803 | Elf:1    | Reached ****** piety under Okawaru
 18803 | Elf:1    | Identified the +2 pair of gloves of Vanity {Will+ Str+4
                  | Dex+3 SInv} (Okawaru gifted it to you on level 1 of the
                  | Elven Halls)
 18803 | Elf:1    | Received a gift from Okawaru
 19111 | Elf:1    | Noticed a deep elf annihilator
 19177 | Orc:2    | Reached skill level 13 in Axes
 19231 | Orc:2    | Killed a deep elf annihilator
 19747 | Elf:1    | Noticed a deep elf annihilator
 19756 | Elf:1    | Killed a deep elf annihilator
 19895 | Elf:1    | Received a gift from Okawaru
 19928 | Elf:1    | Noticed Donald
 19968 | Elf:1    | Killed Donald
 20342 | Elf:1    | Identified the +10 war axe of Bile {pain, Fly rF++ rC+
                  | Str-3}
 20601 | Elf:2    | Reached skill level 14 in Axes
 20625 | Elf:2    | Received a gift from Okawaru
 20675 | Elf:2    | Reached XP level 14. HP: 133/133 MP: 13/13
 20740 | Elf:2    | Found a frozen archway.
 20758 | IceCv    | Entered an ice cave
 20810 | IceCv    | Identified the +8 plate armour of the Armoured One {rElec
                  | Slay+2} (Okawaru gifted it to you in an ice cave)
 20810 | IceCv    | Received a gift from Okawaru
 20972 | IceCv    | Noticed a white very ugly thing
 20985 | IceCv    | Killed a white very ugly thing
 21287 | IceCv    | Identified the -1 hat "Woyrhacs" {Str+3}
 21394 | IceCv    | Found an ancient bone altar of Kikubaaqudgha.
 21775 | IceCv    | Reached skill level 1 in Throwing
 21776 | IceCv    | Reached skill level 1 in Invocations
 22121 | IceCv    | Noticed a lich
 22142 | IceCv    | Killed a lich
 22410 | IceCv    | Reached skill level 1 in Evocations
 22868 | Elf:2    | Reached skill level 15 in Fighting
 22871 | Elf:2    | Reached skill level 15 in Armour
 22871 | Elf:2    | Reached skill level 15 in Shields
 22896 | Elf:2    | Found a runed translucent gate.
 22896 | Elf:2    | Found a runed translucent gate.
 22896 | Elf:2    | Found a runed translucent gate.
 22954 | Elf:2    | Paralysed by an air elemental for 1 turns
 22960 | Elf:2    | Paralysed by an air elemental for 1 turns
 23030 | Elf:2    | Received a gift from Okawaru
 23297 | Elf:2    | Noticed a deep elf blademaster
 23486 | Lair:1   | Entered Level 1 of the Lair of Beasts
 23495 | Lair:1   | Noticed Prince Ribbit
 23497 | Lair:1   | Reached skill level 15 in Axes
 23510 | Lair:1   | Killed Prince Ribbit
 23601 | Lair:1   | Noticed Urug
 23616 | Lair:1   | Killed Urug
 23908 | Lair:1   | Noticed Grum
 23922 | Lair:1   | Killed Grum
 24380 | Lair:2   | Found a staircase to the Swamp.
 24500 | Lair:2   | Noticed Sonja
 24514 | Lair:2   | Killed Sonja
 24574 | Lair:2   | Reached XP level 15. HP: 141/141 MP: 16/16
 24580 | Lair:2   | Noticed Amaemon
 24589 | Lair:2   | Killed Amaemon
 24806 | Lair:2   | Identified a scroll of acquirement
 24808 | Lair:2   | Acquired 577 gold pieces
 25265 | Lair:3   | Noticed Snorg
 25278 | Lair:3   | Killed Snorg
 25481 | Lair:3   | Found a hole to the Spider Nest.
 25642 | Lair:3   | Found a runed translucent gate.
 25642 | Lair:3   | Noticed Ixoagrun's ghost (journeyman MiFi)
 25643 | Lair:3   | Found a runed translucent gate.
 25644 | Lair:3   | Found a runed translucent gate.
 26237 | Lair:4   | Received a gift from Okawaru
 26533 | Lair:4   | Identified the +3 ring mail "Noeny" {rC+ Int+7 Stlth-}
 26550 | Lair:4   | Identified the +5 scale mail "Orel" {rElec rPois MP-9 Str+9
                  | SInv}
 26660 | Lair:4   | Found a staircase to the Slime Pits.
 26660 | Lair:4   | Found a viscous altar of Jiyva.
 26960 | Lair:4   | Upgraded the game from 0.29.1-1-gd02db6906a to
                  | 0.29.1-2-gbd0b4ee654
 27030 | Lair:5   | Entered Level 5 of the Lair of Beasts
 27098 | Lair:5   | Reached skill level 10 in Dodging
 27189 | Lair:5   | Identified the +2 hat of Magic {rElec Str+3} (Okawaru
                  | gifted it to you on level 5 of the Lair of Beasts)
 27189 | Lair:5   | Received a gift from Okawaru
 27981 | Lair:5   | Noticed Josephine
 27995 | Lair:5   | Killed Josephine
 28244 | Lair:5   | Reached skill level 5 in Throwing
 28294 | Lair:5   | Found a corrupted altar of Lugonu.
 28294 | Lair:5   | Found a one-way gate to the infinite horrors of the Abyss.
 28592 | Lair:2   | Reached skill level 5 in Invocations
 28592 | Lair:2   | Reached XP level 16. HP: 151/151 MP: 18/18
 28981 | Elf:2    | Killed a deep elf blademaster
 28982 | Elf:2    | Reached skill level 16 in Axes
 29151 | Elf:2    | Identified the +1 kite shield "Seymmik" {Regen+} (Okawaru
                  | gifted it to you on level 2 of the Elven Halls)
 29151 | Elf:2    | Received a gift from Okawaru
 29345 | Elf:2    | Reached XP level 17. HP: 158/158 MP: 20/20
 29627 | Elf:3    | Entered Level 3 of the Elven Halls
 30338 | Elf:3    | Noticed a deep elf blademaster
 30346 | Elf:3    | Noticed a deep elf master archer
 30350 | Elf:3    | Noticed an Ice Fiend
 30382 | Elf:2    | Killed a deep elf blademaster
 30688 | Elf:3    | Noticed a deep elf master archer
 30698 | Elf:3    | Killed a deep elf master archer
 30776 | Elf:3    | Identified the +2 robe of Too Many Cooks {Rampage Dex+4
                  | Stlth+}
 31000 | Elf:3    | Identified the +6 whip of Circularity {pain, rPois Dex-3
                  | SInv Stlth+}
 31000 | Elf:3    | Identified the amulet "Anaon" {Reflect *Slow rC+ Str+8
                  | SH+5}
 31216 | Elf:3    | Identified the +9 whip "Death Rattle" {venom, Stlth+}
 31252 | Elf:3    | Identified the +1 scale mail of the Tick {Int+3}
 31311 | Elf:3    | Identified the +5 plate armour of the Stone Wall {Slay+2}
 31311 | Elf:3    | Noticed a deep elf blademaster
 31332 | Elf:3    | Killed a deep elf blademaster
 31390 | Elf:3    | Killed a deep elf master archer
 31390 | Elf:3    | Received a gift from Okawaru
 31437 | Elf:3    | Identified the +0 helmet of Liczo {-Tele Drain Regen+
                  | Str+8}
 31467 | Elf:3    | Identified the +0 pair of boots of the Bulwark {+Blink}
 31761 | Elf:3    | Acquired 413 gold pieces
 32054 | Lair:3   | Killed Ixoagrun's ghost
 32071 | Lair:3   | Identified the +8 scimitar of Flawed Execution {freeze,
                  | Contam rElec rPois Int+4}
 32291 | D:13     | Found a runed translucent door.
 32294 | D:13     | Noticed duchin's ghost (journeyman MiFi)
 32421 | D:13     | Received a gift from Okawaru
 32971 | D:14     | Found a gate to the Vaults.
 33074 | D:14     | Received a gift from Okawaru
 33074 | D:14     | Found the +4 moon troll leather armour {Spirit, Regen++
                  | MP+5}
 33518 | D:15     | Entered Level 15 of the Dungeon
 33543 | D:15     | Reached skill level 5 in Evocations
 33558 | Abyss:2  | Cast into level 2 of the Abyss (a wizard)
 33677 | Abyss:2  | Reached XP level 18. HP: 153/170 MP: 22/22
 33804 | D:15     | Escaped the Abyss
 33819 | D:15     | Found a staircase to the Depths.
 34101 | D:15     | Reached skill level 17 in Axes
 34182 | D:15     | Found a white marble altar of Elyvilon.
 34354 | D:15     | Noticed Jorgrun
 34369 | D:15     | Killed Jorgrun
 35111 | Spider:1 | Entered Level 1 of the Spider Nest
 35323 | Spider:1 | Noticed Frances
 35341 | Spider:1 | Killed Frances
 35652 | Spider:1 | Identified the +0 plate armour "Vinyutui" {Str+4} (Okawaru
                  | gifted it to you on level 1 of the Spider Nest)
 35652 | Spider:1 | Received a gift from Okawaru
 36295 | Spider:2 | Identified the +7 lajatang of the Gazing Owl {vorpal,
                  | Int+4}
 36518 | Spider:2 | Found a runed translucent gate.
 36518 | Spider:2 | Found a runed translucent gate.
 36518 | Spider:2 | Found a runed translucent gate.
 36519 | Spider:2 | Noticed Zosacw's ghost (adept HaHu)
 36764 | Spider:3 | Noticed Kirke
 36867 | Spider:3 | Killed Kirke
 36877 | Spider:3 | Reached skill level 18 in Axes
 37583 | Spider:4 | Entered Level 4 of the Spider Nest
 37713 | Spider:3 | Identified the +0 cloak "Wicias" {rElec rC+} (Okawaru
                  | gifted it to you on level 3 of the Spider Nest)
 37713 | Spider:3 | Received a gift from Okawaru
 37833 | Spider:3 | Reached XP level 19. HP: 112/179 MP: 23/25
 38406 | Spider:4 | Got a gossamer rune of Zot
 39028 | Swamp:1  | Entered Level 1 of the Swamp
 39106 | Swamp:1  | Reached skill level 19 in Axes
 39127 | Swamp:1  | Received a gift from Okawaru
 39443 | Swamp:1  | Reached skill level 10 in Invocations
 39564 | Swamp:1  | Received a gift from Okawaru
 39761 | Swamp:2  | Reached skill level 10 in Throwing
 39910 | Swamp:2  | Noticed Louise
 39924 | Swamp:2  | Killed Louise
 40247 | Swamp:3  | Received a gift from Okawaru
 40362 | Swamp:3  | Received a gift from Okawaru
 40465 | Swamp:3  | Received a gift from Okawaru
 40586 | Swamp:3  | Found a runed translucent door.
 40586 | Swamp:3  | Noticed esper6's ghost (journeyman GnNe)
 40937 | Swamp:4  | Entered Level 4 of the Swamp
 41380 | Swamp:4  | Identified the +2 hat of Love and Death {rF+ Stlth+}
                  | (Okawaru gifted it to you on level 4 of the Swamp)
 41380 | Swamp:4  | Received a gift from Okawaru
 41640 | Swamp:4  | Got a decaying rune of Zot
 42017 | Slime:1  | Entered Level 1 of the Pits of Slime
 42025 | Lair:4   | Reached XP level 20. HP: 170/189 MP: 26/26
 43241 | Slime:1  | Reached skill level 20 in Axes
 43253 | Slime:1  | HP: 6/189 [acid (4)]
 43254 | Slime:1  | Splashed by an acid blob's acid

Illustrated notes

Levels and vault maps discovered:
D:1:      amcnicky_arrival_blooded_trapdoor, layout_rooms, serial_shops, shop,
          hellmonk_ecumenical_altar_inner_sanctum
D:2:      layout_basic, basic_altar
D:3:      layout_basic, lightli_sewer_entry_pipes, hangedman_feature_mirror,
          hangedman_decor_opposing, uniq_robin
D:4:      layout_basic
D:5:      minmay_skewed_foursquare, layout_basic, nicolae_stop_n_shop_1,
          minmay_misc_feat_rows, eino_tiny_chamber, hex_medium,
          uniq_blork_the_orc
D:6:      minmay_angry_zag, layout_rooms, minmay_temple_entry_glass,
          small_statue_alley_b, minmay_ruined_shrine, uniq_maggie
D:7:      layout_basic, lemuel_mausoleum_altar_yredelemnul, serial_shops, shop
D:8:      layout_loops_ring, serial_shops, nicolae_shop_crystal
D:9:      layout_basic, david_lair_generic, uniq_gastronok
D:10:     layout_irregular_city
D:11:     layout_long_grid, nicolae_shop_gadgets
D:12:     layout_gridville, orc_0_dummy, serial_shops, nicolae_stop_n_shop_1
D:13:     layout_basic, ebering_ghost_inner_flame
D:14:     layout_rooms, david_vaults_2, serial_bayou_lagoon_a
D:15:     grunt_enter_depths_magical_seal, layout_long_grid, elyvilon_altar_3,
          uniq_jorgrun
Temple:   compressed_dpeg_triangle_lava_temple
Lair:1:   layout_gridlike, uniq_grum, uniq_urug, uniq_prince_ribbit2
Lair:2:   layout_hall_layers, skrybe_swamp_entry_bodies, grunt_megastairs_2,
          uniq_sonja, uniq_amaemon
Lair:3:   cheibrodos_lair_river_kwai, layout_gridlike,
          spider_nest_entry_funnel_web, gammafunk_ghost_hydra_chop, uniq_snorg
Lair:4:   hellmonk_ruined_rings, layout_gridlike, slime_entry_1
Lair:5:   hellmonk_lair_end_abyssal_woods, layout_small_grid, serial_forest,
          infiniplex_forest_clump_curved, infiniplex_forest_straight_5,
          infiniplex_forest_clump_diagonal, infiniplex_forest_lined_1,
          grunt_megastairs_3, uniq_josephine
Swamp:1:  layout_basic_swamp, evilmike_swamp_ruin_house_1, swamp_pool3,
          hangedman_swamp_ravenous
Swamp:2:  layout_falls_marsh, nicolae_swamp_oxbows, uniq_louise
Swamp:3:  layout_falls_marsh, gammafunk_ghost_grave,
          evilmike_swamp_ruin_house_6, infiniplex_staircase_pool_2
Swamp:4:  swamp, layout_basic_swamp, swamp_pool2, nicolae_swamp_big_swirl
Spider:1: layout_cave_pods, uniq_frances
Spider:2: layout_spider_delve, ebering_ghost_rock_garden
Spider:3: layout_spider_delve, nicolae_spider_stair_cavern,
          hangedman_spider_tarantella_strand, uniq_kirke
Spider:4: grunt_spider_rune_circles
Slime:1:  layout_caves
Orc:1:    layout_diamond_mine, mines2_david
Orc:2:    st_orc_congregation, layout_caves
Elf:1:    eino_elf_arrival_shootout, layout_geoelf_diagonals,
          hangedman_elf_represent, uniq_donald
Elf:2:    nicolae_elf_blades_crystal_corner, layout_gridlike,
          portal_ice_cave_entry_ice_statue_one, drop_trap,
          small_chamber_with_monster
Elf:3:    grunt_elf_hall_asides, layout_gridlike, dreamdust_mushroom_princess,
          grunt_megastairs_4

Skill      XL: |  1  2  3  4  5  6  7  8  9 10 11 12 13 14 15 16 17 18 19 20 |
---------------+-------------------------------------------------------------+-----
Shields        | 4 5 6 7 9 10 11 13 14 15 16 17 18 | 18.9
Fighting       | 4 5 6 7 9 10 11 13 14 15 16 17 18 | 18.7
Axes           | 3 4 5 7 8 9 11 12 14 15 16 18 19 20 | 20.0
Dodging        | 1 2 3 4 5 6 7 8 9 10 11 12 | 12.5
Armour         | 4 5 6 7 8 10 11 13 14 15 16 17 18 19 | 19.0
Throwing       | 3 5 6 8 9 10 | 10.5
Invocations    | 3 5 7 9 10 | 10.6
Evocations     | 2 3 5 6 |  6.8

Action                   |  1- 3 |  4- 6 |  7- 9 | 10-12 | 13-15 | 16-18 | 19-21 || total
-------------------------+-------+-------+-------+-------+-------+-------+-------++-------
Melee: War axe           |    84 |   136 |   337 |   565 |   875 |  1092 |   459 ||  3548
       Headbutt          |    11 |    19 |    66 |   166 |   231 |   322 |   161 ||   976
       Hand axe          |       |       |    35 |   155 |       |       |       ||   190
       Long sword        |       |       |       |    11 |       |       |       ||    11
       Broad axe         |       |       |       |       |     5 |     5 |    75 ||    85
Throw: Boomerang         |       |       |     4 |    41 |    20 |       |       ||    65
       Dart              |       |       |       |     9 |     7 |       |       ||    16
Invok: Heroism           |       |       |       |       |     5 |     1 |       ||     6
       Finesse           |       |       |       |       |     4 |     1 |       ||     5
  Use: Scroll            |       |       |       |    15 |    12 |     7 |     6 ||    40
       Potion            |       |       |       |       |     1 |       |       ||     1
 Stab: Distracted        |       |       |       |       |     1 |       |       ||     1
       Petrified         |       |       |       |       |     4 |       |       ||     4
Armor: Scale mail        |    52 |    48 |   160 |   147 |       |       |       ||   407
       Crystal plate arm |       |       |       |   276 |    93 |       |       ||   369
       Plate armour      |       |       |       |       |   210 |   488 |   318 ||  1016
Dodge: Dodged            |    37 |    68 |   182 |   323 |   319 |   581 |   391 ||  1901
Block: Buckler           |    25 |    22 |    89 |   207 |    45 |       |       ||   388
       Kite shield       |       |       |       |       |   389 |   828 |   444 ||  1661
       Reflection        |       |       |       |       |     4 |     2 |       ||     6
